 Dungeon Crawl Stone Soup version 0.24-a0-520-g8fd06ad (webtiles) character file.

Game seed: 11093094213366736256

74 DinnerBoy7 the Vexing (level 4, -1/22 HPs)
             Began as a Vine Stalker Enchanter on July 24, 2019.
             Slain by an orc
             ... wielding a +0 club
              (3 damage)
             ... on level 2 of the Dungeon.
             The game lasted 00:16:12 (2948 turns).

DinnerBoy7 the Vexing (Vine Stalker Enchanter)      Turns: 2948, Time: 00:16:13

Health: -1/22      AC:  3    Str: 10    XL:     4   Next: 28%
Magic:  0/9        EV: 12    Int: 16    God:
Gold:   114        SH:  0    Dex: 15    Spells: 2/8 levels left

rFire    . . .     SeeInvis .   a - +1 dagger
rCold    . . .     Gourm    .   (no shield)
rNeg     . . .     Faith    .   t - +0 leather armour
rPois    .         Spirit   +   (no helmet)
rElec    .         Reflect  .   (no cloak)
rCorr    .         Harm     .   (no gloves)
MR       .....                  (no boots)
Stlth    ++........             (no amulet)
HPRegen  0.47/turn              (no ring)
MPRegen  0.11/turn              (no ring)

@: no status effects
A: fangs 2, regeneration 1, magic shield, antimagic bite, no potion heal 3, rot
immunity
a: no special abilities


You were on level 2 of the Dungeon.
You were very hungry.

You visited 1 branch of the dungeon, and saw 3 of its levels.

You collected 114 gold pieces.

Inventory:

Hand Weapons
 a - a +1 dagger (weapon)
 b - a +0 hunting sling
 j - a +0 short sword
Missiles
 i - a silver boomerang (quivered)
 p - 33 poisoned darts
Armour
 e - a +0 robe
 t - a +0 leather armour (worn)
Jewellery
 k - an uncursed ring of ice {unknown}
 l - an uncursed ring of see invisible {unknown}
 n - a +2 ring of dexterity {unknown}
Scrolls
 c - 2 scrolls of remove curse
 q - a scroll of random uselessness {unknown}
 r - 3 scrolls of identify {unknown}
 s - 2 scrolls of enchant armour {unknown}
 u - a scroll of enchant weapon {unknown}
Potions
 f - a potion of flight {unknown}
 h - a potion of curing {unknown}
 m - a potion of ambrosia {unknown}
 o - a potion of heal wounds
Comestibles
 d - 5 rations


   Skills:
 + Level 1.3 Fighting
 - Level 1.0 Short Blades
 - Level 0.1 Armour
 + Level 2.1 Dodging
 - Level 3.6 Stealth
 + Level 2.8 Spellcasting
 * Level 3.7 Hexes


You had 2 spell levels left.
You knew the following spells:

 Your Spells              Type           Power        Failure   Level  Hunger
a - Corona                Hex            ##.....      5%          1    #......
b - Ensorcelled Hibernat  Hex/Ice        #.....       19%         2    ##.....
c - Tukima's Dance        Hex            ##......     17%         3    ###....

Your spell library contained the following spells:

 Spells                   Type           Power        Failure   Level  Hunger
 Confuse                  Hex            ##......     17%         3    ###....
 Dazzling Spray           Conj/Hex       #.....       34%         3    ###....


Dungeon Overview and Level Annotations

Branches:
Dungeon (3/15)

Altars:

Annotations:
D:3 Robin


Innate Abilities, Weirdness & Mutations

You have extremely sharp teeth.
Your natural rate of healing is unusually fast.
When hurt, damage is shared between your health and your magic reserves.
Your bite disrupts and absorbs the magic of your enemies.
Potions cannot restore your health.
You are immune to rotting.


Message History

It was a potion of heal wounds.
That seemed strangely inert.
The orc wizard casts a spell at you. The magic dart hits you.
* * * LOW HITPOINT WARNING * * *
The orc misses you.
The orc wizard hits you but does no damage.
That would not heal you. The orc wizard misses you.
The orc hits you but does no damage.
You climb upwards.
There is a stone staircase leading down here.
Casting: Corona (safe; 5% risk of failure)
Confirm with . or Enter, or press ? or * to list all spells.
You don't have enough magic to cast that spell.
The orc wizard hits you with a +0 dagger.
* * * LOW HITPOINT WARNING * * *
The orc barely misses you.
The orc wizard mumbles some strange words.
The orc wizard blinks!
The orc hits you with a +0 club.
You die...

..####.#......#.#
..##..........#.#
.....##....))...#
.....##.......###
.##...##.#.##.#
...........#..#
........##...##
#...#........#####
....<........o..@###
##..........#..§o..####
#####.......####.....#
#.................#
#......##.###.....##
#......##..........#
#####(.....#########...#
....(....>...# #####
#####........#


You could see an orc wizard and an orc.

Vanquished Creatures
  2 adders (D:2)
  An ooze (D:2)
  A worm (D:2)
  2 dart slugs (D:1)
  A leopard gecko (D:2)
  5 orcs (D:3)
  A giant cockroach (D:2)
  4 goblins
  2 hobgoblins (D:1)
  4 kobolds
  A ball python (D:1)
  A ball python skeleton (D:2)
  6 bats
  A frilled lizard (D:1)
  6 rats
38 creatures vanquished.

Notes
Turn   | Place    | Note
-------+----------+-------------------------------------------
     0 | D:1      | DinnerBoy7 the Vine Stalker Enchanter began the quest for
                  | the Orb.
     0 | D:1      | Reached XP level 1. HP: 9/9 MP: 4/4
    88 | D:1      | Reached skill level 1 in Short Blades
   581 | D:1      | Reached XP level 2. HP: 14/14 MP: 4/6
   616 | D:1      | Learned a level 2 spell: Ensorcelled Hibernation
  1858 | D:2      | Reached XP level 3. HP: 17/17 MP: 7/7
  1903 | D:2      | Reached skill level 1 in Fighting
  2382 | D:2      | Gained mutation: Your natural rate of healing is unusually
                  | fast. [Vine Stalker growth]
  2382 | D:2      | Reached XP level 4. HP: 22/22 MP: 6/9
  2440 | D:2      | Learned a level 3 spell: Tukima's Dance
  2726 | D:3      | Noticed Robin
  2943 | D:3      | HP: 1/22 [orc wizard/magic dart (4)]
  2948 | D:2      | Slain by an orc

Levels and vault maps discovered:
D:1:      dpeg_arrival_windows_large_door, layout_basic
D:2:      layout_rooms
D:3:      layout_basic, nicolae_qazlal_style_of_elements, first_ration,
          serial_rivers, chequers_serial_rivers_micro_d,
          chequers_serial_rivers_room_a, chequers_serial_rivers_micro_e,
          chequers_serial_rivers_large_a, chequers_serial_rivers_marsh,
          kennysheep_cross_room, uniq_robin

Skill      XL: |  1  2  3 |
---------------+----------+-----
Short Blades   | 1 |  1.0
Fighting       | 1 |  1.3
Dodging        | 2 |  2.1
Armour         | |  0.1
Stealth        | |  3.6
Spellcasting   | |  2.8
Hexes          | |  3.7

Action                   |  1- 3 |  4- 6 || total
-------------------------+-------+-------++-------
Melee: Dagger            |    63 |    43 ||   106
       Bite              |    11 |    13 ||    24
Throw: Boomerang         |    15 |     3 ||    18
 Cast: Corona            |    22 |     5 ||    27
       Ensorcelled Hiber |     6 |     4 ||    10
       Tukima's Dance    |       |     3 ||     3
  Use: Scroll            |     5 |     1 ||     6
       Potion            |       |     1 ||     1
 Stab: Sleeping          |     4 |     1 ||     5
  Eat: Ration            |     1 |       ||     1
       Chunk             |     2 |     1 ||     3
Armor: Robe              |     9 |       ||     9
       Leather armour    |     3 |    16 ||    19
Dodge: Dodged            |    45 |    37 ||    82

Table legend:
 A = Non-vault XP
 B = Vault XP
 C = Vault XP percentage of total XP
 D = Non-vault monster count
 E = Vault monster count
 F = Vault count percentage of total count
                 A         B        C        D         E       F
            +---------+---------+-------+---------+---------+-------
      Total |     106 |       0 |   0.0 |      38 |       0 |   0.0
            +---------+---------+-------+---------+---------+-------
        D:1 |      29 |       0 |   0.0 |      16 |       0 |   0.0
        D:2 |      60 |       0 |   0.0 |      16 |       0 |   0.0
        D:3 |      17 |       0 |   0.0 |       6 |       0 |   0.0
            +---------+---------+-------+---------+---------+-------
